TOP OF THE 1ST |
Athens Assassins batting - Pitching for Kenosha Kingfish : LHP Ángel Rodríguez
|
Pitching: LHP Ángel Rodríguez
|
|
Batting: RHB Júlio Castillo
|
0-0: Called Strike 0-1: Called Strike 0-2: Strikes out swinging
|
Batting: RHB Pat Johnston
|
0-0: Foul Ball, location: 2F 0-1: Foul Ball, location: 2F 0-2: Strikes out swinging
|
Batting: SHB Chris Barrett
|
0-0: SINGLE (Line Drive, 4M)
|
Batting: RHB Jonathon García
|
0-0: Ball 1-0: Ball 2-0: Called Strike 2-1: Called Strike 2-2: Strikes out looking
|
Top of the 1st over - 0 runs, 1 hit, 0 errors, 1 left on base; Athens 0 - Kenosha 0 |
BOTTOM OF THE 1ST |
Kenosha Kingfish batting - Pitching for Athens Assassins : RHP José López
|
Pitching: RHP José López
|
|
Batting: LHB Justin McCoy
|
0-0: Ground out 1-3 (Groundball, 15)
|
Batting: RHB Armando Arellano
|
0-0: Ball 1-0: Ball 2-0: Foul Ball, location: 2F 2-1: Foul Ball, location: 2F 2-2: Ball 3-2: Foul Ball, location: 2F 3-2: Base on Balls
|
Batting: LHB Juan Rodríguez
|
0-0: Ball 1-0: Called Strike 1-1: Ball 2-1: Called Strike 2-2: Strikes out swinging
|
Batting: LHB Luis Martínez
|
0-0: Foul Ball, location: 2F 0-1: Ball 1-1: Called Strike 1-2: Ball 2-2: Ball 3-2: Fly out, F9 (Flyball, 9LSF)
|
Bottom of the 1st over - 0 runs, 0 hits, 0 errors, 1 left on base; Athens 0 - Kenosha 0 |
TOP OF THE 2ND |
Athens Assassins batting - Pitching for Kenosha Kingfish : LHP Ángel Rodríguez
|
Batting: RHB Justin Tomlinson
|
0-0: Foul Ball, location: 2F 0-1: Ball 1-1: Called Strike 1-2: Ball 2-2: Ball 3-2: Base on Balls
|
Batting: RHB Arnie Williams
|
0-0: Called Strike 0-1: Ball 1-1: Fly out, F9 (Flyball, 89M)
|
Batting: RHB Gustavo Todd
|
0-0: Swinging Strike 0-1: Ball 1-1: Swinging Strike 1-2: Strikes out swinging
|
Batting: RHB Britt Short
|
0-0: Fly out, F3 (Popup, 23F)
|
Top of the 2nd over - 0 runs, 0 hits, 0 errors, 1 left on base; Athens 0 - Kenosha 0 |
BOTTOM OF THE 2ND |
Kenosha Kingfish batting - Pitching for Athens Assassins : RHP José López
|
Batting: LHB Harry Davis
|
0-0: Called Strike 0-1: SINGLE (Flyball, 9LM)
|
Batting: RHB Jeff Navarro
|
0-0: Ball 1-0: Ball 2-0: Ball 3-0: Base on Balls Harry Davis to second
|
Batting: RHB Juan Escalante
|
0-0: Ball 1-0: Ball 2-0: Fly out, F4 (Line Drive, 4M)
|
Batting: RHB Warren Strathbogie
|
0-0: Ball 1-0: Foul Ball, location: 2F 1-1: Foul Ball, location: 2F 1-2: Ball 2-2: DOUBLE (Flyball, 78D) Harry Davis scores Jeff Navarro to third Runner from 3rd tries for Home, SAFE, no throw
|
Batting: SHB José Ayala
|
0-0: Ball 1-0: Called Strike 1-1: Ball 2-1: Foul Ball, location: 2F 2-2: Fly out, F9 (Line Drive, 9S)
|
Batting: LHB Justin McCoy
|
0-0: Called Strike 0-1: Ground out 4-3 (Groundball, 4S)
|
Bottom of the 2nd over - 2 runs, 2 hits, 0 errors, 1 left on base; Athens 0 - Kenosha 2 |
TOP OF THE 3RD |
Athens Assassins batting - Pitching for Kenosha Kingfish : LHP Ángel Rodríguez
|
Batting: RHB Alfonso Flores
|
0-0: Ball 1-0: Ground out 6-3 (Groundball, 6S)
|
Batting: RHB Júlio Castillo
|
0-0: Swinging Strike 0-1: Called Strike 0-2: Ball 1-2: Strikes out swinging
|
Batting: RHB Pat Johnston
|
0-0: Ball 1-0: Ball 2-0: Swinging Strike 2-1: Swinging Strike 2-2: Foul Ball, location: 2F 2-2: Foul Ball, location: 2F 2-2: Foul Ball, location: 2F 2-2: Ball 3-2: DOUBLE (Line Drive, 78M)
|
Batting: SHB Chris Barrett
|
0-0: Ball 1-0: Ball 2-0: Called Strike 2-1: Ground out 5-3 (Groundball, 56)
|
Top of the 3rd over - 0 runs, 1 hit, 0 errors, 1 left on base; Athens 0 - Kenosha 2 |
BOTTOM OF THE 3RD |
Kenosha Kingfish batting - Pitching for Athens Assassins : RHP José López
|
Batting: RHB Armando Arellano
|
0-0: Foul Ball, location: 2F 0-1: Called Strike 0-2: Ball 1-2: Ball 2-2: Foul Ball, location: 2F 2-2: Fly out, F8 (Flyball, 8RD)
|
Batting: LHB Juan Rodríguez
|
0-0: Ball 1-0: Foul Ball, location: 2F 1-1: Ground out 4-3 (Groundball, 4)
|
Batting: LHB Luis Martínez
|
0-0: Swinging Strike 0-1: Swinging Strike 0-2: Ball 1-2: Strikes out swinging
|
Bottom of the 3rd over - 0 runs, 0 hits, 0 errors, 0 left on base; Athens 0 - Kenosha 2 |
TOP OF THE 4TH |
Athens Assassins batting - Pitching for Kenosha Kingfish : LHP Ángel Rodríguez
|
Batting: RHB Jonathon García
|
0-0: Ball 1-0: Ground out 6-3 (Groundball, 6)
|
Batting: RHB Justin Tomlinson
|
0-0: Ball 1-0: Fly out, F3 (Popup, 3SF)
|
Batting: RHB Arnie Williams
|
0-0: Foul Ball, location: 2F 0-1: Foul Ball, location: 2F 0-2: Foul Ball, location: 2F 0-2: Foul Ball, location: 2F 0-2: Ball 1-2: Strikes out swinging
|
Top of the 4th over - 0 runs, 0 hits, 0 errors, 0 left on base; Athens 0 - Kenosha 2 |
BOTTOM OF THE 4TH |
Kenosha Kingfish batting - Pitching for Athens Assassins : RHP José López
|
Batting: LHB Harry Davis
|
0-0: Called Strike 0-1: Foul Ball, location: 2F 0-2: Strikes out swinging
|
Batting: RHB Jeff Navarro
|
0-0: Ball 1-0: Ball 2-0: SINGLE (Groundball, 56D)
|
Batting: RHB Juan Escalante
|
0-0: Called Strike 0-1: Ball 1-1: Fly out, F7 (Flyball, 78S)
|
Batting: RHB Warren Strathbogie
|
0-0: Ball 1-0: Ball 2-0: Foul Ball, location: 2F 2-1: Called Strike 2-2: Foul Ball, location: 2F 2-2: Ball 3-2: Ground out 6-3 (Groundball, 6)
|
Bottom of the 4th over - 0 runs, 1 hit, 0 errors, 1 left on base; Athens 0 - Kenosha 2 |
TOP OF THE 5TH |
Athens Assassins batting - Pitching for Kenosha Kingfish : LHP Ángel Rodríguez
|
Batting: RHB Gustavo Todd
|
0-0: Ball 1-0: Ground out 3-1 (Groundball, 34S)
|
Batting: RHB Britt Short
|
0-0: Ball 1-0: Ground out 5-3 (Groundball, 5L)
|
Batting: RHB Alfonso Flores
|
0-0: Fly out, F7 (Line Drive, 78XD)
|
Top of the 5th over - 0 runs, 0 hits, 0 errors, 0 left on base; Athens 0 - Kenosha 2 |
BOTTOM OF THE 5TH |
Kenosha Kingfish batting - Pitching for Athens Assassins : RHP José López
|
Batting: SHB José Ayala
|
0-0: Ball 1-0: Called Strike 1-1: Ball 2-1: Ball 3-1: Swinging Strike 3-2: Base on Balls
|
Batting: LHB Justin McCoy
|
0-0: Ball 1-0: Foul Ball, location: 2F 1-1: Fielders Choice at 2nd, 4-6 (Groundball, 4)
|
Batting: RHB Armando Arellano
|
0-0: Ball 1-0: Ball 2-0: Ball 3-0: Foul Ball, location: 2F 3-1: Swinging Strike 3-2: Foul Ball, location: 2F 3-2: Strikes out swinging
|
Batting: LHB Juan Rodríguez
|
0-0: Ball 1-0: Ball Justin McCoy steals 2nd base 2-0: Foul Ball, location: 2F 2-1: Fly out, F7 (Flyball, 7LSF)
|
Bottom of the 5th over - 0 runs, 0 hits, 0 errors, 1 left on base; Athens 0 - Kenosha 2 |
TOP OF THE 6TH |
Athens Assassins batting - Pitching for Kenosha Kingfish : LHP Ángel Rodríguez
|
Batting: RHB Júlio Castillo
|
0-0: Ball 1-0: Ball 2-0: SINGLE (Line Drive, 6)
|
Batting: RHB Pat Johnston
|
0-0: Ball 1-0: Ball 2-0: Fly out, F6 (Popup, P)
|
Batting: SHB Chris Barrett
|
0-0: Ball 1-0: Swinging Strike 1-1: TRIPLE (Flyball, 7D) Júlio Castillo scores
|
Batting: RHB Jonathon García
|
0-0: Ball 1-0: Fly out, F5 (Popup, 5SF)
|
Batting: RHB Justin Tomlinson
|
0-0: Swinging Strike 0-1: Swinging Strike 0-2: Ball 1-2: Strikes out looking
|
Top of the 6th over - 1 run, 2 hits, 0 errors, 1 left on base; Athens 1 - Kenosha 2 |
BOTTOM OF THE 6TH |
Kenosha Kingfish batting - Pitching for Athens Assassins : RHP José López
|
Batting: LHB Luis Martínez
|
0-0: Foul Ball, location: 2F 0-1: Hit by Pitch
|
Batting: LHB Harry Davis
|
0-0: Ball 1-0: Ball 2-0: SINGLE (Line Drive, 3L) Luis Martínez to second
|
Batting: RHB Jeff Navarro
|
0-0: Called Strike 0-1: Ball 1-1: Ball 2-1: SINGLE (Line Drive, 4M) Luis Martínez to third Harry Davis to second
|
Batting: RHB Juan Escalante
|
0-0: Swinging Strike 0-1: Swinging Strike 0-2: Strikes out swinging
|
Batting: RHB Warren Strathbogie
|
0-0: Ball 1-0: Ball 2-0: Foul Ball, location: 2F 2-1: Ball 3-1: Foul Ball, location: 2F 3-2: Base on Balls Luis Martínez scores Harry Davis to third Jeff Navarro to second
|
Batting: SHB José Ayala
|
0-0: Called Strike 0-1: DOUBLE (Flyball, 78D) Harry Davis scores Jeff Navarro scores Warren Strathbogie to third
|
Pitching: RHP Franklin Booth
|
|
Batting: LHB Justin McCoy
|
0-0: Ball 1-0: Foul Ball, location: 2F 1-1: Ball 2-1: Called Strike 2-2: Foul Ball, location: 2F 2-2: Ball 3-2: SINGLE (Line Drive, 9S) Warren Strathbogie scores José Ayala to third
|
Batting: RHB Armando Arellano
|
0-0: Ball Justin McCoy steals 2nd base 1-0: Ball 2-0: Called Strike 2-1: Foul Ball, location: 2F 2-2: SINGLE (Groundball, 56) José Ayala scores Justin McCoy to third Runner from 3rd tries for Home, SAFE, no throw
|
Batting: LHB Juan Rodríguez
|
0-0: Called Strike 0-1: Called Strike 0-2: Fly out, F9 (Flyball, 89M)
|
Batting: LHB Luis Martínez
|
0-0: Ball 1-0: Called Strike 1-1: Foul Ball, location: 2F 1-2: Ball 2-2: Ball 3-2: Base on Balls Armando Arellano to second
|
Pitching: RHP Rod Whitaker
|
|
Batting: LHB Harry Davis
|
0-0: Called Strike 0-1: Ball 1-1: Foul Ball, location: 2F 1-2: Foul Ball, location: 2F 1-2: Foul Ball, location: 2F 1-2: 3-RUN HOME RUN (Flyball, 89XD), Distance : 430 ft
|
Batting: RHB Jeff Navarro
|
0-0: Ball 1-0: Ball 2-0: Ball 3-0: Base on Balls
|
Batting: RHB Juan Escalante
|
0-0: Called Strike 0-1: Ball 1-1: Ball 2-1: Fielders Choice at 2nd, 5-4 (Groundball, 56)
|
Bottom of the 6th over - 9 runs, 6 hits, 0 errors, 1 left on base; Athens 1 - Kenosha 11 |
TOP OF THE 7TH |
Athens Assassins batting - Pitching for Kenosha Kingfish : LHP Ángel Rodríguez
|
Batting: RHB Arnie Williams
|
0-0: Called Strike 0-1: Ball 1-1: Swinging Strike 1-2: SOLO HOME RUN (Flyball, 7D), Distance : 392 ft
|
Batting: RHB Gustavo Todd
|
0-0: Called Strike 0-1: Ball 1-1: Foul Ball, location: 2F 1-2: Foul Ball, location: 2F 1-2: Ball 2-2: Strikes out looking
|
Batting: RHB Britt Short
|
0-0: Called Strike 0-1: Ball 1-1: Swinging Strike 1-2: Ball 2-2: Strikes out swinging
|
Batting: RHB Alfonso Flores
|
0-0: Called Strike 0-1: Foul Ball, location: 2F 0-2: Ground out 6-3 (Groundball, 6M)
|
Top of the 7th over - 1 run, 1 hit, 0 errors, 0 left on base; Athens 2 - Kenosha 11 |
BOTTOM OF THE 7TH |
Kenosha Kingfish batting - Pitching for Athens Assassins : RHP Rod Whitaker
|
Batting: RHB Warren Strathbogie
|
0-0: Foul Ball, location: 2F 0-1: Swinging Strike 0-2: Strikes out swinging
|
Batting: SHB José Ayala
|
0-0: Ball 1-0: Ball 2-0: Foul Ball, location: 2F 2-1: Foul Ball, location: 2F 2-2: Foul Ball, location: 2F 2-2: Strikes out swinging
|
Batting: LHB Justin McCoy
|
0-0: Called Strike 0-1: Foul Ball, location: 2F 0-2: Ball 1-2: Ball 2-2: Ball 3-2: Ground out U3 (Groundball, 3L)
|
Bottom of the 7th over - 0 runs, 0 hits, 0 errors, 0 left on base; Athens 2 - Kenosha 11 |
TOP OF THE 8TH |
Athens Assassins batting - Pitching for Kenosha Kingfish : LHP Ángel Rodríguez
|
Batting: RHB Júlio Castillo
|
0-0: Called Strike 0-1: Hit by Pitch
|
Batting: RHB Pat Johnston
|
0-0: DOUBLE (Line Drive, 78D) Júlio Castillo to third
|
Batting: SHB Chris Barrett
|
0-0: Called Strike 0-1: Foul Ball, location: 2F 0-2: Ball 1-2: Foul Ball, location: 2F 1-2: Foul Ball, location: 2F 1-2: Foul Ball, location: 2F 1-2: Ball 2-2: Foul Ball, location: 2F 2-2: 3-RUN HOME RUN (Flyball, 7LD), Distance : 364 ft
|
Pitching: LHP Víctor Morales
|
|
Batting: RHB Jonathon García
|
0-0: Ball 1-0: Swinging Strike 1-1: Swinging Strike 1-2: Ball 2-2: Foul Ball, location: 2F 2-2: DOUBLE (Flyball, 8LXD)
|
Batting: RHB Justin Tomlinson
|
0-0: Foul Ball, location: 2F 0-1: Ball 1-1: Fly out, F3 (Popup, 3SF)
|
Batting: RHB Arnie Williams
|
0-0: Ball 1-0: Ball 2-0: Called Strike 2-1: SINGLE (Groundball, 4MD) Jonathon García to third
|
Batting: RHB Gustavo Todd
|
0-0: Called Strike 0-1: Foul Ball, location: 2F 0-2: Ball 1-2: Strikes out looking
|
Batting: RHB Britt Short
|
0-0: SINGLE (Groundball, 5D) Jonathon García scores Arnie Williams to second
|
Batting: RHB Alfonso Flores
|
0-0: Swinging Strike 0-1: Foul Ball, location: 2F 0-2: Ball 1-2: Ball 2-2: Strikes out swinging
|
Top of the 8th over - 4 runs, 5 hits, 0 errors, 2 left on base; Athens 6 - Kenosha 11 |
BOTTOM OF THE 8TH |
Kenosha Kingfish batting - Pitching for Athens Assassins : RHP Rod Whitaker
|
Batting: RHB Armando Arellano
|
0-0: Foul Ball, location: 2F 0-1: Ball 1-1: Foul Ball, location: 2F 1-2: Ball 2-2: Strikes out swinging
|
Batting: LHB Juan Rodríguez
|
0-0: Ball 1-0: Ball 2-0: Called Strike 2-1: Swinging Strike 2-2: Foul Ball, location: 2F 2-2: Ball 3-2: Strikes out looking
|
Batting: LHB Luis Martínez
|
0-0: Ball 1-0: SOLO HOME RUN (Flyball, 9D), Distance : 376 ft
|
Batting: LHB Harry Davis
|
0-0: Ball 1-0: Ball 2-0: Fly out, F7 (Flyball, 78D)
|
Bottom of the 8th over - 1 run, 1 hit, 0 errors, 0 left on base; Athens 6 - Kenosha 12 |
TOP OF THE 9TH |
Athens Assassins batting - Pitching for Kenosha Kingfish : LHP Víctor Morales
|
Batting: RHB Júlio Castillo
|
0-0: Called Strike 0-1: Ground out 6-3 (Groundball, 6)
|
Batting: RHB Pat Johnston
|
0-0: Ball 1-0: Called Strike 1-1: Ball 2-1: Ball 3-1: Called Strike 3-2: Ground out U3 (Groundball, 3)
|
Batting: SHB Chris Barrett
|
0-0: Ball 1-0: Fly out, F8 (Flyball, 8LM)
|
Top of the 9th over - 0 runs, 0 hits, 0 errors, 0 left on base; Athens 6 - Kenosha 12 |
|